Map: [ESL] Gresvan

Players

Cham

  • Race: Zerg Zerg
  • Spawn Location: 5:00

MaSa - Winner!

  • Race: Terran Terran
  • Spawn Location: 11:00

Event: ESL SC2 Masters 2023 Summer (Regionals)

VOD

Have the link to the VOD?

Description

Time

  • Played on: May 9, 2023, 2:15 p.m.
  • Length: 5:32

All games in this series

Show
View Real Time Build Order
Export as new Build Order

Cham Zerg 

Build Orders: Hatch First 

Get SALT Encoding   

  12  0:00  Drone  
  13  0:12  Overlord  
  13  0:17  Drone  
  14  0:30  Drone x2  
  16  0:48  Hatchery  
  15  0:51  Drone  
  15  0:56  Drone  
  17  1:08  Spawning Pool  
  17  1:11  Drone  
  17  1:15  Extractor  
  17  1:16  Drone  
  17  1:20  Drone  
  18  1:28  Drone  
  19  1:56  Zergling x4  
  19  1:59  Queen x2  
  19  2:00  Zergling x4  
  27  2:11  Zergling x2  
  27  2:12  Overlord  
  24  2:34  Drone x2  
  19  2:52  Zergling x4  
  21  3:00  Zergling x4  
  23  3:08  Metabolic Boost  
  22  3:13  Zergling x2  
  22  3:16  Zergling x2  
  24  3:23  Zergling x2  
  24  3:26  Zergling x2  
  23  3:30  Zergling x2  
  24  3:38  Zergling x4  
  25  3:46  Zergling x2  
  25  3:47  Zergling x2  
  27  4:00  Baneling Nest  
  27  4:02  Zergling x2  
  23  4:15  Zergling x2  
  17  4:18  Zergling x2  
  17  4:22  Zergling x2  
  18  4:27  Zergling x2  
  19  4:37  Zergling x2  
  20  4:47  Baneling x4  
  20  4:50  Zergling x2  
  21  4:58  Zergling x2  
  19  5:11  Zergling x2  
Show
View Real Time Build Order
Export as new Build Order

MaSa Terran - Winner!

Build Orders:  

Get SALT Encoding   

  12  0:00  SCV  
  13  0:14  Supply Depot  
  13  0:18  SCV  
  14  0:30  SCV  
  15  0:39  Barracks  
  15  0:52  Barracks  
  15  1:05  Barracks  
  15  1:26  Marine  
  15  1:28  Barracks  
  16  1:39  Marine  
  17  1:43  Marine  
  17  1:45  Orbital Command  
  18  1:50  Supply Depot  
  18  1:55  Bunker  
  18  1:56  Marine  
  18  1:58  Marine  
  20  2:04  Marine  
  21  2:12  Bunker  
  21  2:17  SCV  
  21  2:22  Marine  
  23  2:29  Marine  
  20  2:37  Marine  
  20  2:43  Marine  
  21  2:53  Marine  
  21  2:55  Marine  
  22  3:00  Marine  
  23  3:11  Marine  
  23  3:13  Marine  
  23  3:16  SCV  
  23  3:18  Marine, Refinery x2  
  26  3:28  SCV  
  26  3:29  Marine  
  26  3:31  Marine  
  29  3:36  Marine  
  29  3:40  SCV  
  31  3:51  Supply Depot  
  31  4:11  Marine  
  31  4:12  Marine x2  
  31  4:13  SCV  
  26  4:25  SCV  
  26  4:26  Command Center  
  26  4:29  Marine  
  26  4:30  Marine x2  
  29  4:37  SCV  
  29  4:42  Factory  
  29  4:47  Marine  
  29  4:48  Marine  
  29  4:49  SCV  
  29  4:51  Marine  
  33  4:57  Supply Depot  
  33  5:01  SCV  
  30  5:13  SCV  
  30  5:14  Marine x2  
Tags
 
Add a new tag
Caveats
  • Supply blocks, unpowered buildings, or Contaminate may cause inaccurate times.
  • Supply counts are checked every 10 seconds.